[Event "Titled Tuesday Blitz January 31 Late 2023"]
[White "Bortnyk, Olexandr"]
[Black "Taboas Rodriguez, Daniel"]
[WhiteFideId "14120828"]
[BlackFideId "2208466"]
[WhiteElo "2605"]
[BlackElo "2371"]
[Result "1-0"]
[Round "02"]
[TimeControl "180+2"]
[Date "2023.01.31"]
[WhiteClock "0:00:04"]
[BlackClock "0:00:32"]

1. e4 e5 2. Nf3 Nc6 3. Bb5 Nf6 4. Nc3 Bb4 5. Nd5 Ba5 6. O-O O-O 7. d4 Nxd5 8. exd5 Nxd4 9. Nxd4 exd4 10. Qxd4 Bb6 11. Qf4 d6 12. Bd2 Bd7 13. Bd3 Re8 14. Rfe1 Rxe1+ 15. Rxe1 Qf8 16. Qh4 h6 17. Re7 Rd8 18. Bc3 f6 19. Qe4 f5 20. Qe2 Re8 21. Rxe8 Bxe8 22. Qe6+ Qf7 23. Bxf5 Qxe6 24. Bxe6+ Kf8 25. Bc8 Bg6 26. a4 Bxc2 27. a5 Bc5 28. b4 Bb3 29. Bxb7 Ke7 30. bxc5 dxc5 31. Bxg7 h5 32. f4 c4 33. Kf2 c3 34. Bxc3 Kd6 35. Be5+ Kc5 36. Bxc7 1-0


[Site "https://www.chess.com"]

[Event "Titled Tuesday Blitz January 31 Late 2023"]
[White "Veiga, Jose Francisco R P Neves"]
[Black "Lenderman, Aleksandr"]
[WhiteFideId "1930087"]
[BlackFideId "2021285"]
[WhiteElo "2406"]
[BlackElo "2572"]
[Result "0-1"]
[Round "02"]
[TimeControl "180+2"]
[Date "2023.01.31"]
[WhiteClock "0:00:20"]
[BlackClock "0:00:59"]

1. d4 e6 2. Nf3 b6 3. Bg5 Be7 4. Bxe7 Qxe7 5. e4 Qb4+ 6. Nbd2 Qxb2 7. Bc4 Qb4 8. O-O Bb7 9. Rb1 Qe7 10. d5 Nf6 11. Re1 e5 12. Bb5 O-O 13. a4 a5 14. Nc4 d6 15. Qd3 Nbd7 16. Bxd7 Nxd7 17. Ne3 Nc5 18. Qc4 Bc8 19. Nd2 Bd7 20. Ra1 g6 21. f3 Kh8 22. Nb3 f5 23. Nxc5 bxc5 24. Qc3 fxe4 25. fxe4 Qh4 26. Nc4 Qf2+ 27. Kh1 Qd4 28. Qxd4 cxd4 29. Kg1 Rfb8 30. Rf1 Kg7 31. Rf3 Rb4 32. Raf1 Be8 33. Nd2 Rb2 34. Nb3 Rxc2 35. Rf8 d3 36. Nxa5 Rxa5 37. Rxe8 d2 38. Re7+ Kh6 39. h4 Rc1 0-1


[Site "https://www.chess.com"]

[Event "Titled Tuesday Blitz January 31 Late 2023"]
[White "Ronka, Erik"]
[Black "Kazakouski, Valery"]
[WhiteFideId "505080"]
[BlackFideId "13507443"]
[WhiteElo "2276"]
[BlackElo "2539"]
[Result "0-1"]
[Round "02"]
[TimeControl "180+2"]
[Date "2023.01.31"]
[WhiteClock "0:00:02"]
[BlackClock "0:01:18"]

1. e4 c5 2. Nf3 a6 3. c3 d5 4. exd5 Qxd5 5. d4 Bg4 6. Be2 Nf6 7. O-O e6 8. h3 Bh5 9. Be3 cxd4 10. cxd4 Nc6 11. Nc3 Qd6 12. Qb3 Qb4 13. Qxb4 Bxb4 14. Rac1 O-O 15. Rfd1 Rfd8 16. g4 Bg6 17. Bg5 Be7 18. Na4 Nd5 19. Bxe7 Ncxe7 20. Nc5 Rab8 21. Ne5 a5 22. Ned7 Rbc8 23. Ne5 b6 24. Na4 Bc2 25. Rxc2 Rxc2 26. Bd3 Rc7 27. b3 f6 28. Nf3 Ng6 29. Nb2 Ngf4 30. Bf1 Rc2 31. Nc4 Rxa2 32. Re1 b5 33. Ne3 a4 0-1


[Site "https://www.chess.com"]

[Event "Titled Tuesday Blitz January 31 Late 2023"]
[White "Pulpan, Jakub"]
[Black "Bambino Filho, Antonio Carlos"]
[WhiteFideId "302759"]
[BlackFideId "2113163"]
[WhiteElo "2427"]
[BlackElo "2144"]
[Result "1-0"]
[Round "02"]
[TimeControl "180+2"]
[Date "2023.01.31"]
[WhiteClock "0:01:04"]
[BlackClock "0:00:22"]

1. d4 Nf6 2. Nc3 d5 3. Bg5 e6 4. e4 Bb4 5. Ne2 h6 6. Bxf6 Qxf6 7. a3 Bxc3+ 8. Nxc3 dxe4 9. Nxe4 Qg6 10. Ng3 O-O 11. Bd3 f5 12. O-O Nc6 13. c3 Bd7 14. Re1 Rae8 15. Qb3 Qf6 16. Bxf5 Kh8 17. Be4 Qxf2+ 18. Kh1 Qf4 19. Rf1 Qd6 20. Qxb7 Rxf1+ 21. Rxf1 Rb8 22. Qa6 Rxb2 23. Bb1 Qe7 24. Qd3 g5 25. Qg6 Rxb1 26. Qxh6+ Qh7 27. Qf8+ Qg8 28. Qh6+ Qh7 29. Qxh7+ Kxh7 30. Rxb1 Na5 31. Ne4 Kg6 32. Nc5 Bc6 33. Nxe6 Nc4 34. Nxc7 Nxa3 35. Ra1 Nc2 36. Ra6 Ne3 37. Rxc6+ 1-0


[Site "https://www.chess.com"]

[Event "Titled Tuesday Blitz January 31 Late 2023"]
[White "Pein, Jonathan"]
[Black "Goltsev, Dmitry"]
[WhiteFideId "417092"]
[BlackFideId "24176710"]
[WhiteElo "2265"]
[BlackElo "2269"]
[Result "0-1"]
[Round "02"]
[TimeControl "180+2"]
[Date "2023.01.31"]
[WhiteClock "0:00:01"]
[BlackClock "0:00:44"]

1. e4 e6 2. b3 d5 3. Bb2 dxe4 4. Nc3 Nf6 5. Qe2 Nc6 6. O-O-O Nd4 7. Qe1 Bc5 8. d3 exd3 9. Bxd3 O-O 10. g4 Nxg4 11. Nh3 e5 12. Qe4 f5 13. Qg2 Qh4 14. Kb1 c6 15. Rhg1 Qh6 16. Bc1 Qf6 17. f3 Nxf3 18. Qxf3 Bxg1 19. Rxg1 e4 20. Bc4+ Kh8 21. Qg3 e3 22. Bb2 f4 23. Nxf4 Qxf4 24. Qh4 Qf2 25. Rg3 Qe1+ 26. Bc1 Qxc3 27. h3 Qf6 28. Qh5 Qf5 29. Qh4 Nf6 30. Bd3 Qh5 31. Qd4 Bf5 32. Bc4 Rad8 33. Qxe3 Bg6 34. Qg1 Qf5 35. Bd3 Rxd3 36. Rxd3 Qe6 37. Rd2 Qxh3 38. Rg2 Qf5 39. Bb2 Ne4 40. a4 Qf1+ 41. Ka2 Qxg1 42. Rxg1 Rf2 43. Re1 Rxc2 44. Rd1 Nc3+ 45. Ka3 Nxd1 46. Bxg7+ 0-1


[Site "https://www.chess.com"]

[Event "Titled Tuesday Blitz January 31 Late 2023"]
[White "Bilych, Olexiy"]
[Black "Kouskoutis, Georgios-Alexandros"]
[WhiteFideId "14156504"]
[BlackFideId "4234049"]
[WhiteElo "2441"]
[BlackElo "2295"]
[Result "0-1"]
[Round "02"]
[TimeControl "180+2"]
[Date "2023.01.31"]
[WhiteClock "0:00:32"]
[BlackClock "0:00:03"]

1. d4 Nf6 2. c4 e6 3. Nf3 c5 4. d5 exd5 5. cxd5 d6 6. Nc3 g6 7. e4 a6 8. Be2 Bg4 9. a4 Bg7 10. O-O Bxf3 11. Bxf3 O-O 12. Be2 Nbd7 13. Qc2 Re8 14. Re1 Qc7 15. Be3 Rac8 16. Bf1 Ng4 17. Bf4 c4 18. h3 Nge5 19. Be3 Nc5 20. a5 Nb3 21. Ra4 Nxa5 22. f4 Nd3 23. Rea1 Nb3 24. R1a3 Nd4 25. Qd2 Nb5 26. Ra2 Nxb2 27. Nxb5 axb5 28. Rb4 Rxe4 29. Rxb5 c3 30. Qf2 Nd1 31. Bb6 Nxf2 32. Bxc7 Rxc7 33. Kxf2 c2 34. Rxc2 Rxc2+ 35. Kf3 Re8 36. Rxb7 Rc3+ 37. Kg4 h5+ 38. Kh4 Bf6# 0-1


[Site "https://www.chess.com"]

[Event "Titled Tuesday Blitz January 31 Late 2023"]
[White "Bazeev, German"]
[Black "Zeman, Matyas"]
[WhiteFideId "24119350"]
[BlackFideId "364398"]
[WhiteElo "2369"]
[BlackElo "2296"]
[Result "1-0"]
[Round "02"]
[TimeControl "180+2"]
[Date "2023.01.31"]
[WhiteClock "0:00:31"]
[BlackClock "0:00:01"]

1. c4 e6 2. Nf3 d5 3. d4 Nf6 4. g3 Bb4+ 5. Bd2 Be7 6. Bg2 O-O 7. O-O Nbd7 8. Qc2 c6 9. b4 Ne4 10. Rc1 Nxd2 11. Qxd2 a5 12. b5 cxb5 13. cxb5 Nb6 14. a4 Bb4 15. Qd3 Nc4 16. Nbd2 Nxd2 17. Nxd2 Bd7 18. Nb3 b6 19. e4 dxe4 20. Bxe4 Rc8 21. Bxh7+ Kh8 22. Be4 Qf6 23. Bc6 Bxc6 24. bxc6 Rfd8 25. Rc2 e5 26. Rac1 exd4 27. c7 Re8 28. Qxd4 Qf3 29. Nd2 Bxd2 30. Qxd2 Qe4 31. Qd7 Rf8 32. Qc6 Qe5 33. Qxb6 Rfe8 34. Rc5 Qd4 35. Rh5+ 1-0


[Site "https://www.chess.com"]

[Event "Titled Tuesday Blitz January 31 Late 2023"]
[White "Dzida, Kamil"]
[Black "Manukyan, Sargis A."]
[WhiteFideId "21828652"]
[BlackFideId "13303970"]
[WhiteElo "2352"]
[BlackElo "2158"]
[Result "0-1"]
[Round "02"]
[TimeControl "180+2"]
[Date "2023.01.31"]
[WhiteClock "0:00:12"]
[BlackClock "0:01:04"]

1. d4 d5 2. c4 e6 3. Nf3 Nf6 4. Nc3 Be7 5. Bg5 O-O 6. e3 b6 7. cxd5 Nxd5 8. Bxe7 Qxe7 9. Nxd5 exd5 10. Rc1 Bb7 11. Bd3 Rc8 12. Bf5 Rd8 13. Qc2 g6 14. Bd3 Rc8 15. h4 c5 16. Qd2 c4 17. Bb1 Nd7 18. h5 b5 19. hxg6 hxg6 20. Ke2 b4 21. Ne5 Nxe5 22. dxe5 c3 23. bxc3 bxc3 24. Rxc3 Qxe5 25. Rxc8+ Rxc8 26. Qd4 Ba6+ 27. Kf3 Qxd4 28. exd4 Kg7 29. Ke3 Rc3+ 30. Kd2 Ra3 31. Rc1 Bc4 32. Rc3 Ra4 33. a3 Ra5 34. Bc2 Ra6 35. Bd3 Bxd3 36. Kxd3 Rf6 37. f3 Rb6 38. Rc5 Rb3+ 39. Rc3 Rb2 40. Rc2 Rb1 41. Rc5 Kf6 42. Rxd5 Rb3+ 43. Ke4 Rxa3 44. Rd6+ Ke7 45. Rc6 Ra2 46. g4 a5 47. Ra6 a4 48. g5 a3 49. Kd5 Rg2 50. Ra7+ Kf8 51. Rxa3 Rxg5+ 52. Ke4 Rf5 53. d5 Ke7 54. Ra7+ Kf6 55. Ra6+ Kg7 56. d6 Kf6 57. f4 Ke6 58. Ra8 Kxd6 59. Rd8+ Ke7 60. Ra8 Kf6 61. Ra6+ Kg7 62. Rc6 Ra5 63. Kf3 Ra1 64. Kg4 Rf1 65. Rc5 Rg1+ 66. Kf3 f5 67. Rc7+ Kh6 68. Rc8 Rf1+ 69. Kg3 Ra1 70. Rh8+ Kg7 71. Rb8 Ra3+ 72. Kf2 Kf7 73. Rb7+ Kf6 74. Rb6+ Kg7 75. Rb7+ Kh6 76. Rb8 Kh5 77. Rg8 Rb3 78. Rg7 Rb8 79. Kg3 Rb3+ 80. Kf2 Ra3 81. Rg8 Kg4 82. Rxg6+ Kxf4 83. Rb6 Ra2+ 84. Kf1 Ra3 85. Kf2 Ra2+ 86. Kf1 Kg4 87. Rb3 f4 88. Rc3 Rd2 89. Ra3 Rd4 90. Rb3 Re4 91. Kf2 Rc4 92. Ra3 Rc2+ 93. Kf1 Rb2 94. Rc3 Kf5 95. Ra3 Ke4 96. Rc3 Ra2 97. Rb3 Rd2 98. Ra3 Rd4 99. Rb3 Rc4 100. Ra3 Rc1+ 101. Ke2 Rc2+ 102. Kf1 Rb2 103. Rc3 Rb1+ 104. Kf2 Ra1 105. Rb3 Kf5 106. Rd3 Kg4 107. Rb3 Ra2+ 108. Kf1 f3 109. Rb8 Kf4 110. Rf8+ Kg3 111. Rg8+ Kh3 112. Rh8+ Kg4 113. Rg8+ Kf5 114. Rf8+ Ke4 115. Re8+ Kd5 116. Rd8+ Ke6 117. Rf8 Ra3 118. Kf2 Ke5 119. Rf4 Kxf4 0-1


[Site "https://www.chess.com"]

[Event "Titled Tuesday Blitz January 31 Late 2023"]
[White "CheckBits"]
[Black "Cori T., Deysi"]
[BlackFideId "3801934"]
[WhiteElo "2478"]
[BlackElo "2362"]
[Result "1/2-1/2"]
[Round "02"]
[TimeControl "180+2"]
[Date "2023.01.31"]
[WhiteClock "0:00:13"]
[BlackClock "0:00:20"]

1. e4 e6 2. d4 d5 3. e5 c5 4. c3 Nc6 5. Nf3 Bd7 6. Be2 Nge7 7. Na3 cxd4 8. cxd4 Nf5 9. Nc2 Qb6 10. O-O Na5 11. b4 Nc4 12. g4 Ne7 13. a4 h5 14. gxh5 Nf5 15. b5 a6 16. bxa6 Rxa6 17. Ne3 Nfxe3 18. Bxe3 Qd8 19. Bg5 Be7 20. h4 Rxh5 21. Kg2 Bxg5 22. hxg5 Rxg5+ 23. Nxg5 Qxg5+ 24. Kh3 Qh6+ 25. Kg3 Qg5+ 26. Kh3 Qh6+ 27. Kg2 Qg6+ 28. Kh3 Qh6+ 1/2-1/2


[Site "https://www.chess.com"]

[Event "Titled Tuesday Blitz January 31 Late 2023"]
[White "Polanco Nunez, Yoel Estarling"]
[Black "Filgueira, Hernan"]
[WhiteFideId "6401783"]
[BlackFideId "101770"]
[WhiteElo "2162"]
[BlackElo "2283"]
[Result "0-1"]
[Round "02"]
[TimeControl "180+2"]
[Date "2023.01.31"]
[WhiteClock "0:00:45"]
[BlackClock "0:00:54"]

1. d4 d5 2. c4 e6 3. Nf3 c5 4. cxd5 exd5 5. Nc3 Nc6 6. e3 Nf6 7. Be2 Bd6 8. dxc5 Bxc5 9. O-O O-O 10. b3 Re8 11. Bb2 a6 12. Rc1 Ba7 13. Na4 Ne4 14. Nd4 Bd7 15. Nxc6 Bxc6 16. Nc3 Qf6 17. Ba1 Qh6 18. Bf3 Rad8 19. Re1 Nxf2 20. Kxf2 Rxe3 21. Rxe3 Qxe3+ 22. Kg3 Bb8+ 23. Kh3 Qh6+ 24. Bh5 Bd7+ 25. Kh4 g5# 0-1


[Site "https://www.chess.com"]

[Event "Titled Tuesday Blitz January 31 Late 2023"]
[White "Hirneise, Jens"]
[Black "Good, Daniel"]
[WhiteFideId "24614734"]
[BlackFideId "1302388"]
[WhiteElo "2277"]
[BlackElo "2141"]
[Result "1-0"]
[Round "02"]
[TimeControl "180+2"]
[Date "2023.01.31"]
[WhiteClock "0:00:26"]
[BlackClock "0:00:02"]

1. d4 Nf6 2. Nc3 d5 3. Bf4 e6 4. Nb5 Na6 5. c3 c6 6. Na3 Ne4 7. Nc2 Qb6 8. Rb1 c5 9. e3 Be7 10. h4 Qa5 11. a3 Bd7 12. Bd3 c4 13. Bxe4 dxe4 14. Ne2 Nc7 15. Ng3 Bc6 16. h5 Nd5 17. Qg4 Nxf4 18. exf4 Rg8 19. Ne3 f5 20. Qe2 b5 21. Ngf1 Bd6 22. g3 Qb6 23. Nd2 a5 24. Kf1 Kd7 25. Kg1 Rae8 26. Rd1 g5 27. hxg6 hxg6 28. Rh7+ Re7 29. Rxe7+ Kxe7 30. Kg2 Rh8 31. Rh1 Rxh1 32. Kxh1 Qd8 33. Kg1 Qh8 34. a4 g5 35. axb5 Bxb5 36. fxg5 f4 37. Nxe4 Bc6 38. Nxc4 fxg3 39. fxg3 Bxe4 40. Qxe4 Bxg3 41. Qb7+ Kf8 42. Qc8+ Kg7 43. Qxh8+ Kxh8 44. Nxa5 Bf4 45. Nc4 Bxg5 46. Kg2 Kg7 47. Kf3 Kf6 48. Ke4 Bc1 49. b4 Bg5 50. b5 Ke7 51. Ne5 1-0


[Site "https://www.chess.com"]

[Event "Titled Tuesday Blitz January 31 Late 2023"]
[White "Licznerski, Lukasz"]
[Black "Urbina Quiroz, Edwin"]
[WhiteFideId "1179250"]
[BlackFideId "6500650"]
[WhiteElo "2460"]
[BlackElo "2129"]
[Result "1-0"]
[Round "02"]
[TimeControl "180+2"]
[Date "2023.01.31"]
[WhiteClock "0:00:09"]
[BlackClock "0:00:03"]

1. e4 e5 2. Nf3 Nc6 3. Bb5 a6 4. Bxc6 dxc6 5. O-O Bg4 6. h3 h5 7. d3 Qf6 8. Be3 Ne7 9. Nbd2 Ng6 10. Re1 Nf4 11. Bxf4 Qxf4 12. hxg4 hxg4 13. Nxe5 Bc5 14. Nxg4 O-O-O 15. Ne3 f5 16. Qf3 Bxe3 17. fxe3 Qh4 18. Qxf5+ Kb8 19. Nf3 Qg3 20. Qg5 1-0


[Site "https://www.chess.com"]

[Event "Titled Tuesday Blitz January 31 Late 2023"]
[White "Nagy, Gabor"]
[Black "Boder, Jan"]
[WhiteFideId "737119"]
[BlackFideId "16243226"]
[WhiteElo "2464"]
[BlackElo "2294"]
[Result "0-1"]
[Round "02"]
[TimeControl "180+2"]
[Date "2023.01.31"]
[WhiteClock "0:01:18"]
[BlackClock "0:00:17"]

1. d4 Nf6 2. Nf3 g6 3. Nbd2 d6 4. e4 Bg7 5. Bb5+ c6 6. Bd3 O-O 7. O-O Nbd7 8. Re1 e5 9. c3 Re8 10. a4 Nh5 11. Bf1 d5 12. exd5 cxd5 13. dxe5 Nxe5 14. Nxe5 Rxe5 15. Rxe5 Bxe5 16. Nf3 Bg7 17. h3 Be6 18. Bg5 Qb6 19. Qd2 Nf6 20. a5 Qc7 21. Bf4 Qd7 22. Nd4 Ne4 23. Qe3 a6 24. Bh6 Re8 25. Bxg7 Kxg7 26. Qf4 Qd6 27. Qxd6 Nxd6 28. Rd1 Nc4 29. b4 Bd7 30. Kh2 f5 31. h4 Kf6 32. Nf3 Bc6 33. Kg3 h6 34. Nd4 Bd7 35. Be2 g5 36. hxg5+ hxg5 37. f3 Rh8 38. Nc2 f4+ 39. Kf2 Bc6 40. Bxc4 dxc4 41. Na3 g4 42. Nxc4 gxf3 43. gxf3 Rh2+ 44. Kg1 Rc2 45. Rd4 Kg5 46. Ne5 Rxc3 47. Kg2 Rc2+ 48. Kh3 Rc3 49. Nxc6 Rxf3+ 50. Kg2 Rg3+ 51. Kf2 bxc6 52. Rc4 Rb3 53. Rxc6 Rxb4 54. Rxa6 Ra4 55. Kf3 Ra3+ 56. Kf2 Kf5 57. Rg6 Kxg6 58. a6 Kf5 59. a7 Rxa7 60. Kg2 Ra3 61. Kh2 Ke4 62. Kh1 f3 63. Kg1 Ra2 64. Kh1 Ke3 65. Kg1 f2+ 66. Kh1 f1=Q# 0-1


[Site "https://www.chess.com"]

[Event "Titled Tuesday Blitz January 31 Late 2023"]
[White "Della Corte, Alessandro"]
[Black "Mikaelyan, Arman"]
[WhiteFideId "813540"]
[BlackFideId "13304852"]
[WhiteElo "2160"]
[BlackElo "2523"]
[Result "0-1"]
[Round "02"]
[TimeControl "180+2"]
[Date "2023.01.31"]
[WhiteClock "0:00:17"]
[BlackClock "0:00:26"]

1. d4 Nf6 2. c4 e6 3. Nf3 a6 4. e3 c5 5. Nbd2 d5 6. Be2 Nc6 7. O-O cxd4 8. Nxd4 Bd6 9. cxd5 exd5 10. N2f3 O-O 11. b3 Ne4 12. Bb2 Re8 13. Rc1 Qf6 14. g3 Bh3 15. Re1 Qh6 16. Nxc6 bxc6 17. Bd3 Bb4 18. Re2 Bg4 19. Ne5 Bxe2 20. Bxe2 Qf6 21. f4 Bd2 22. Rxc6 Bxe3+ 23. Kg2 Qe7 24. Qxd5 Nf6 25. Qf3 Ba7 26. Bc4 Rf8 27. Rxa6 Rad8 28. Bc3 Qc5 29. Rxf6 gxf6 30. Nd7 Qf5 31. Nxf6+ Kh8 32. Nd7+ f6 33. Nxf8 Rxf8 34. Qb7 Qc2+ 35. Kh3 Qf5+ 36. Kg2 Bc5 37. Qc7 h5 38. h4 Qc2+ 39. Kh3 Qf5+ 40. Kg2 Qe4+ 41. Kh3 Qh1# 0-1


[Site "https://www.chess.com"]

[Event "Titled Tuesday Blitz January 31 Late 2023"]
[White "Bas Mas, Jose Joaquin"]
[Black "Tanenbaum, Zachary"]
[WhiteFideId "22219064"]
[BlackFideId "2060850"]
[WhiteElo "2197"]
[BlackElo "2261"]
[Result "1-0"]
[Round "02"]
[TimeControl "180+2"]
[Date "2023.01.31"]
[WhiteClock "0:00:52"]
[BlackClock "0:00:10"]

1. e4 e5 2. Nf3 Nc6 3. Bb5 a6 4. Ba4 d6 5. O-O Nf6 6. Re1 Be7 7. c3 O-O 8. h3 b5 9. Bc2 d5 10. exd5 Qxd5 11. d3 Bf5 12. a4 Rad8 13. Na3 Bxa3 14. Rxa3 Bxd3 15. Bxd3 Qxd3 16. Qxd3 Rxd3 17. axb5 axb5 18. Bg5 e4 19. Nh4 Re8 20. Bxf6 gxf6 21. Ra6 Rd6 22. Nf5 Rde6 23. Ng3 Kg7 24. Rxe4 Rxe4 25. Nxe4 Ne5 26. Nxf6 Re6 27. Rxe6 fxe6 28. Ne8+ Kf7 29. Nxc7 Nd3 30. Nxb5 Nxb2 31. f4 Nd3 32. g3 e5 33. fxe5 Nxe5 34. Kf2 Nc4 35. Kf3 Ke6 36. Ke4 Nd2+ 37. Ke3 Nf1+ 38. Kf4 Nd2 39. g4 h6 40. Nd4+ Kf6 41. Nf5 Kg6 42. h4 Nc4 43. Ne3 Nb6 44. h5+ Kf6 45. c4 Nd7 46. Ke4 Ne5 47. Nd5+ Ke6 48. Nf4+ Kf6 49. c5 Nxg4 50. c6 Ke7 51. Kf5 Nf2 52. Nd5+ Kd6 53. c7 Kd7 54. Kg6 Ng4 55. Nf6+ Nxf6 56. Kxf6 Kxc7 57. Kg6 Kd8 58. Kxh6 Ke8 59. Kg7 1-0


[Site "https://www.chess.com"]

[Event "Titled Tuesday Blitz January 31 Late 2023"]
[White "Rakhmatullaev, Almas"]
[Black "Manukyan, Sargis A."]
[WhiteFideId "14205793"]
[BlackFideId "13303970"]
[WhiteElo "2275"]
[BlackElo "2158"]
[Result "1-0"]
[Round "02"]
[TimeControl "180+2"]
[Date "2023.01.31"]
[WhiteClock "0:01:34"]
[BlackClock "0:00:04"]

1. e4 e6 2. d4 d5 3. Nc3 Bb4 4. Ne2 dxe4 5. a3 Bxc3+ 6. Nxc3 Nc6 7. d5 exd5 8. Qxd5 Nge7 9. Qxd8+ Nxd8 10. Nxe4 Bf5 11. Bd3 Ne6 12. O-O O-O-O 13. Re1 Bg6 14. b4 Nc6 15. Bb2 Rhe8 16. f3 f6 17. Bb5 Ned4 18. Bxd4 Rxd4 19. c3 Rd7 20. Nc5 Rd2 21. Rxe8+ Bxe8 22. Re1 Bd7 23. Bxc6 Bxc6 24. Re7 Rc2 25. Rxg7 Kd8 26. Ne6+ Ke8 27. Nxc7+ Kf8 28. Ne6+ Ke8 29. Rxh7 Rxc3 30. h4 Rxa3 31. h5 Ra4 32. h6 Rxb4 33. Rg7 Rh4 34. h7 a5 35. Nd4 Bd5 36. Rg8+ Kd7 37. h8=Q Rxh8 38. Rxh8 a4 39. Ra8 b5 40. Ra7+ Kd6 41. Nxb5+ Kc5 42. Nc3 Bb3 43. Nxa4+ 1-0


[Site "https://www.chess.com"]

[Event "Titled Tuesday Blitz January 31 Late 2023"]
[White "Hambleton, Aman"]
[Black "Suarez, Mauricio Josue"]
[WhiteFideId "2606577"]
[BlackFideId "144258"]
[WhiteElo "2420"]
[BlackElo "2164"]
[Result "1-0"]
[Round "02"]
[TimeControl "180+2"]
[Date "2023.01.31"]
[WhiteClock "0:00:04"]
[BlackClock "0:01:54"]

1. d4 Nf6 2. Bf4 d5 3. e3 e6 4. Nf3 Bd6 5. Nbd2 c5 6. c3 Qc7 7. Bxd6 Qxd6 8. Ne5 Nbd7 9. f4 O-O 10. Bd3 Ne8 11. O-O f5 12. g4 g6 13. gxf5 exf5 14. Kh1 Nef6 15. Ndf3 Ne4 16. Nxd7 Bxd7 17. Ne5 Be8 18. Qe2 Qf6 19. Bxe4 fxe4 20. dxc5 a6 21. Qd2 Bc6 22. Rg1 Qe7 23. b4 Rad8 24. Qd4 Rf5 25. Nxg6 hxg6 26. Rxg6+ Kh7 27. Rag1 Rf7 28. R1g5 Rd7 29. Qd1 Rg7 30. Qh5+ Kg8 31. Rxg7+ Qxg7 32. Qe8+ Kh7 33. Rxg7+ Kxg7 34. Qe5+ Kf7 35. f5 d4 36. cxd4 Re7 37. Qd6 Rd7 38. Qe6+ Kf8 39. f6 Rh7 40. Qc8+ Kf7 41. Qf5 Rh6 42. d5 Be8 43. Qe6+ Kf8 44. Qe7+ Kg8 45. Qg7# 1-0


[Site "https://www.chess.com"]

[Event "Titled Tuesday Blitz January 31 Late 2023"]
[White "Backsten, Jan"]
[Black "Averjanov, Alexey"]
[WhiteFideId "1735381"]
[BlackFideId "14109867"]
[WhiteElo "2029"]
[BlackElo "2399"]
[Result "0-1"]
[Round "02"]
[TimeControl "180+2"]
[Date "2023.01.31"]
[WhiteClock "0:00:13"]
[BlackClock "0:01:21"]

1. e4 c6 2. d4 d5 3. Nd2 dxe4 4. Nxe4 Bf5 5. Ng3 Bg6 6. h4 h6 7. Nf3 Nd7 8. h5 Bh7 9. Bd3 Bxd3 10. Qxd3 e6 11. Bd2 Ngf6 12. O-O-O Be7 13. Kb1 O-O 14. Ne4 Nxe4 15. Qxe4 Nf6 16. Qe2 Qd5 17. c4 Qe4+ 18. Qxe4 Nxe4 19. Be1 b5 20. Ne5 Rac8 21. f3 Nd6 22. Bb4 Nf5 23. Bxe7 Nxe7 24. b3 Rfd8 25. g4 bxc4 26. Nxc4 Kf8 27. Rh2 Nd5 28. Kb2 Ke7 29. Re2 c5 30. dxc5 Rxc5 31. Ne3 Kf6 32. Nxd5+ Rcxd5 33. Rxd5 Rxd5 34. Kc3 Kg5 35. Re4 Rd6 36. Ra4 a6 37. Kc4 f5 38. Kc5 Rd5+ 39. Kc6 a5 40. gxf5 Rxf5 41. Rg4+ Kf6 42. Kb6 Rxh5 43. Ra4 Rf5 44. Rxa5 Rxa5 45. Kxa5 h5 46. b4 h4 47. b5 h3 48. b6 h2 49. b7 h1=Q 50. b8=Q Qe1+ 51. Ka4 Qd1+ 52. Ka5 Qd5+ 53. Kb6 Qxa2 54. Qf8+ Kg6 55. Kc6 Qd5+ 56. Kc7 Qf5 57. Qa3 Kg5 58. Kc6 Kf4 59. Qc3 Qd5+ 60. Kc7 Qe5+ 61. Qxe5+ Kxe5 62. Kd7 g5 63. Ke7 Kf4 64. Kxe6 Kxf3 0-1


[Site "https://www.chess.com"]

[Event "Titled Tuesday Blitz January 31 Late 2023"]
[White "Stoyanov, Tsvetan"]
[Black "Papp, Petra"]
[WhiteFideId "2917173"]
[BlackFideId "739049"]
[WhiteElo "2454"]
[BlackElo "2343"]
[Result "1-0"]
[Round "02"]
[TimeControl "180+2"]
[Date "2023.01.31"]
[WhiteClock "0:00:20"]
[BlackClock "0:00:14"]

1. e4 c6 2. c4 d5 3. exd5 cxd5 4. cxd5 Nf6 5. Bb5+ Nbd7 6. Nf3 g6 7. O-O Bg7 8. d6 e6 9. d4 O-O 10. Nc3 a6 11. Be2 b6 12. d5 e5 13. Re1 Ne8 14. Ne4 h6 15. h4 f5 16. Nc3 Nxd6 17. h5 g5 18. Nd2 e4 19. Nc4 Nxc4 20. Bxc4 Ne5 21. Bf1 Bb7 22. Be3 b5 23. Qb3 Kh7 24. a4 Qe8 25. Qd1 Ng4 26. Be2 Qxh5 27. Bxg4 fxg4 28. Nxe4 Rad8 29. axb5 Bxd5 30. Ng3 Qf7 31. Qc2+ Kg8 32. Rxa6 Bb7 33. Ra3 Kh8 34. Rd1 Rd5 35. Ra7 Rxb5 36. Bd4 Bxd4 37. Rxd4 Re8 38. Rxg4 Re7 39. Qc3+ Rbe5 40. Ra5 Qe6 41. Rxe5 Qxe5 42. Qxe5+ Rxe5 43. Rb4 Bc6 44. Rc4 Re1+ 45. Kh2 Re6 46. b4 Bd5 47. Rc5 Bb3 48. Nf5 Rb6 49. b5 Kh7 50. Nd4 Ba4 51. Rc7+ Kg6 52. Rc6+ Rxc6 53. bxc6 Kf7 54. c7 Bd7 55. Nb5 Bc8 56. Nd6+ Ke7 57. Nxc8+ Kd7 58. Nb6+ Kxc7 59. Nd5+ Kd6 60. Nf6 Ke6 61. Ng4 h5 62. Ne3 Ke5 63. Kg3 Kf6 64. f3 Kg6 65. f4 gxf4+ 66. Kxf4 h4 67. Kg4 h3 68. Kxh3 Kg5 69. g3 Kh5 70. g4+ Kg5 71. Kg3 Kg6 72. Kf4 Kh6 73. Nf5+ Kg6 74. g5 Kf7 75. Nh4 Kg7 76. Kf5 Kf7 77. g6+ Kg7 78. Kg5 Kg8 79. Nf5 Kf8 80. Kf6 Kg8 81. g7 Kh7 82. Ne7 Kh6 83. g8=Q Kh5 84. Qg3 Kh6 85. Qh4# 1-0


[Site "https://www.chess.com"]

[Event "Titled Tuesday Blitz January 31 Late 2023"]
[White "Cruz, Jonathan"]
[Black "Ansh M Shah"]
[WhiteFideId "3802124"]
[BlackFideId "25033379"]
[WhiteElo "2328"]
[BlackElo "2171"]
[Result "1-0"]
[Round "02"]
[TimeControl "180+2"]
[Date "2023.01.31"]
[WhiteClock "0:01:27"]
[BlackClock "0:00:04"]

1. Nf3 Nf6 2. d4 e6 3. e3 d5 4. Bd3 Be7 5. Nbd2 O-O 6. O-O b6 7. e4 dxe4 8. Nxe4 Nbd7 9. Qe2 Bb7 10. Rd1 Nxe4 11. Bxe4 Bxe4 12. Qxe4 Nf6 13. Qe2 Rc8 14. Ne5 c6 15. c4 Qd6 16. Bf4 Qd8 17. Qf3 Bd6 18. Bg5 Be7 19. Nxc6 Qd7 20. d5 exd5 21. cxd5 h6 22. Bh4 Rfe8 23. h3 Qb7 24. Rac1 Qa6 25. d6 Bd8 26. d7 Nxd7 27. Rxd7 Bf6 28. Bxf6 gxf6 29. Qxf6 Rf8 30. Ne7+ Kh7 31. Nxc8 Rxc8 32. Qxf7+ 1-0


[Site "https://www.chess.com"]

[Event "Titled Tuesday Blitz January 31 Late 2023"]
[White "Costachi, Mihnea"]
[Black "Dudzinski, Pawel"]
[WhiteFideId "1217518"]
[BlackFideId "1117890"]
[WhiteElo "2476"]
[BlackElo "2186"]
[Result "1-0"]
[Round "02"]
[TimeControl "180+2"]
[Date "2023.01.31"]
[WhiteClock "0:00:56"]
[BlackClock "0:00:03"]

1. Nc3 d5 2. d4 c5 3. dxc5 e6 4. e4 Nf6 5. exd5 Nxd5 6. Nxd5 exd5 7. b4 a5 8. c3 Nc6 9. Bb5 Be7 10. Nf3 Bf6 11. Nd4 O-O 12. Bxc6 bxc6 13. O-O Re8 14. Be3 Ba6 15. Nxc6 Qd7 16. Nd4 Bxf1 17. Qxf1 axb4 18. cxb4 Rec8 19. c6 Rxc6 20. b5 Rc4 21. Qd3 Bxd4 22. Bxd4 Qxb5 23. Qe3 Rxa2 24. Re1 h6 25. Qe5 Rxd4 26. Qxd4 Re2 27. Rd1 Re4 28. Qa1 Qc4 29. h3 d4 30. Qb1 f5 31. Rc1 Qe6 32. Rd1 Kh7 33. Qb4 Qe5 34. Qd2 f4 35. Qd3 g6 36. Qd2 h5 37. Rb1 Kh6 38. Kh2 g5 39. Rb6+ Kg7 40. Qa2 f3+ 41. g3 Re2 42. Qa7+ 1-0


[Site "https://www.chess.com"]